 Dungeon Crawl Stone Soup version 0.31-a0-210-gccc998df9b (webtiles) character file.

Game seed: 15962462836345555642

365 qw the Shooter (level 6, 0/37 HPs)
             Began as a Gargoyle Hexslinger on June 29, 2023.
             Slain by a gnoll bouda
             ... wielding a +0 whip
              (4 damage)
             ... on level 4 of the Dungeon.
             The game lasted 00:01:20 (2473 turns).

qw the Shooter (Gargoyle Hexslinger)                Turns: 2473, Time: 00:01:21

Health: 0/37       AC: 11    Str: 12    XL:     6   Next: 68%
Magic:  0/7        EV: 10    Int: 13    God:
Gold:   267        SH:  0    Dex: 14    Spells: 6/7 levels left

rFire   . . .        Y - +1 sling
rCold   . . .        (no shield)
rNeg    + . .        f - +0 ring mail
rPois   inf          h - +0 helmet
rElec   +            (no cloak)
rCorr   .            d - +0 pair of gloves
SInv    .            (no boots)
Will    .....        e - amulet of guardian spirit
Stlth   +            (no ring)
HPRegen 0.26/turn    (no ring)
MPRegen 0.10/turn

%: guardian spirit
@: weakened
A: sickness immunity, AC +4, negative energy resistance 1, electricity
resistance, torment resistance 1, petrification resistance
a: no special abilities


You were on level 4 of the Dungeon.
You visited 1 branch of the dungeon, and saw 4 of its levels.

You collected 267 gold pieces.


Innate Abilities, Weirdness & Mutations

You are immune to sickness and miasma.
Your stone body is resilient. (AC +4)
You are immune to poison.
You resist negative energy. (rN+)
You are resistant to electric shocks. (rElec)
You are resistant to unholy torment.
You are immune to petrification.


   Skills:
 + Level 3.2 Fighting
 - Level 6.0 Ranged Weapons
 - Level 1.2 Armour
 - Level 1.5 Dodging
 - Level 1.0 Spellcasting
 - Level 2.6 Hexes


You had 6 spell levels left.
You knew the following spells:

 Your Spells              Type           Power      Damage    Failure   Level
a - Slow                  Hex            28%        N/A       22%         1

Your spell library contained the following spells:

 Spells                   Type           Power      Damage    Failure   Level
 Inner Flame              Hex/Fire       4%         N/A       73%         3
 Portal Projectile        Hex/Tloc       8%         N/A       73%         3
 Cause Fear               Hex            3%         N/A       91%         4

Inventory:

Hand Weapons
 Y - a +1 sling (weapon)
Armour
 d - a +0 pair of gloves (worn)
 f - a +0 ring mail (worn)
 h - a +0 helmet (worn)
Jewellery
 e - an amulet of guardian spirit (around neck)
 i - a ring of fire
Scrolls
 c - a scroll of identify
Potions
 b - a potion of cancellation
 g - a potion of heal wounds {unknown}
 j - a potion of curing
 k - a potion of degeneration {unknown}
 l - a potion of mutation {unknown}

Dungeon Overview and Level Annotations

Branches:
Dungeon (4/15)
 Temple: D:4-7

Altars:
Vehumet


Message History

The gnoll bouda is heavily wounded.
The gnoll bouda calls upon its god to heal the gnoll.
The gnoll's wounds heal themselves!
The gnoll hits you but does no damage.
You shoot a sling bullet. The sling bullet hits the gnoll bouda.
The gnoll bouda is heavily wounded.
The gnoll bouda misses you. The gnoll hits you with a +0 flail.
The gnoll bouda hits you but does no damage.
You shoot a sling bullet.
The sling bullet barely misses the gnoll bouda.
The gnoll barely misses you. The gnoll bouda misses you.
The gnoll hits you but does no damage.
You shoot a sling bullet.
The sling bullet hits the gnoll bouda but does no damage.
The gnoll bouda is heavily wounded.
Your attacks no longer feel as feeble.
The gnoll bouda barely misses you. The gnoll hits you but does no damage.
You shoot a sling bullet.
The sling bullet closely misses the gnoll bouda.
The gnoll bouda hits you with a +0 whip.
The gnoll closely misses you.
You shoot a sling bullet. The sling bullet hits the gnoll bouda.
The gnoll bouda is almost dead.
The gnoll bouda closely misses you. The gnoll hits you with a +0 flail.
The gnoll bouda hits you but does no damage.
You shoot a sling bullet.
The sling bullet hits the gnoll bouda but does no damage.
The gnoll bouda is almost dead.
The gnoll hits you but does no damage. The gnoll bouda closely misses you.
The gnoll hits you with a +0 flail!
You shoot a sling bullet. The sling bullet hits the gnoll bouda.
The gnoll bouda is almost dead.
The gnoll bouda gazes fiercely through you!
You feel your attacks grow feeble.
The gnoll bouda hits you with a +0 whip!
The gnoll hits you with a +0 flail.
You shoot a sling bullet. The sling bullet hits the gnoll bouda.
The gnoll bouda is almost dead.
The gnoll is no longer moving quickly.
The gnoll bouda hits you with a +0 whip.
You die...

..
...g########..$
..SggK)g%..'...
####g# ##..@g##
##......##
#........# #.##
#........#
##..##
#........#
......
#........#
.....
##......##
..... ##..).##
#..# # ##)'##
##.#


You could see a gnoll bouda and 2 gnolls.

Vanquished Creatures
  A scorpion (D:4)
  An orc priest (D:4)
  Natasha (thrice) (D:3)
  4 gnolls
  7 adders
  A worm (D:2)
  A dart slug (D:1)
  7 orcs
  6 endoplasms
  3 giant cockroaches (D:1)
  11 hobgoblins
  A jackal (D:4)
  11 kobolds
  5 quokkas
  8 ball pythons
  6 bats
  5 frilled lizards
  4 goblins
  6 rats
91 creatures vanquished.

Notes
Turn   | Place    | Note
-------+----------+-------------------------------------------
     0 | D:1      | qw the Gargoyle Hexslinger began the quest for the Orb.
     0 | D:1      | Reached XP level 1. HP: 12/12 MP: 2/2
     0 | D:1      | 0 ||| qw: Version: 0.3-a-24-ga2abf7b
     0 | D:1      | 0 ||| qw: Game counter: 6807
     0 | D:1      | 0 ||| qw: Melee chars always use a shield: true
     0 | D:1      | 0 ||| qw: God list: Okawaru
     0 | D:1      | 0 ||| qw: Allow faded altars: false
     0 | D:1      | 0 ||| qw: Do Orc after clearing Dungeon:15 true
     0 | D:1      | 0 ||| qw: Do second Lair branch before Depths: true
     0 | D:1      | 0 ||| qw: Lair rune preference: random
     0 | D:1      | 0 ||| qw: Goals: Normal
     0 | D:1      | 0 ||| PLANNING D:1-11
    98 | D:1      | HP: 3/12 [frozen (4)]
   101 | D:1      | Reached XP level 2. HP: 6/16 MP: 3/3
   352 | D:1      | Reached skill level 3 in Ranged Weapons
   458 | D:1      | Reached XP level 3. HP: 21/21 MP: 4/4
   714 | D:1      | 714 ||| UPGRADING to +0 ring mail.
   724 | D:1      | 724 ||| DROPPING +0 robe.
   725 | D:1      | 725 ||| UPGRADING to +0 helmet.
   730 | D:1      | 730 ||| UPGRADING to amulet of guardian spirit.
   735 | D:1      | 735 ||| READING scroll labelled XAENGEINKUI.
   736 | D:1      | 736 ||| READING scroll labelled XUKAASTRIALLA.
   741 | D:1      | 741 ||| READING scroll labelled ERILOS ZUUMOX.
   742 | D:1      | 742 ||| READING scroll labelled ETUPIVVUENE.
   743 | D:1      | 743 ||| DROPPING scroll of poison.
   790 | D:2      | Reached skill level 1 in Armour
  1001 | D:2      | Reached XP level 4. HP: 26/26 MP: 5/5
  1226 | D:2      | Reached skill level 4 in Ranged Weapons
  1457 | D:2      | Reached XP level 5. HP: 30/30 MP: 6/6
  1522 | D:2      | 1522 ||| UPGRADING to +0 pair of gloves.
  1527 | D:2      | 1527 ||| READING scroll labelled WECSOA ASUL.
  1528 | D:2      | 1528 ||| READING scroll labelled GATHROAFIOX.
  1552 | D:3      | 1552 ||| STAIRDANCE
  1570 | D:3      | 1570 ||| STAIRDANCE
  1732 | D:3      | Found a radiant altar of Vehumet.
  1858 | D:3      | Reached skill level 5 in Ranged Weapons
  1953 | D:3      | Noticed Natasha
  1963 | D:3      | Killed Natasha
  2040 | D:3      | Reached skill level 3 in Fighting
  2113 | D:3      | Noticed Natasha
  2120 | D:3      | Killed Natasha
  2121 | D:3      | Reached XP level 6. HP: 30/37 MP: 5/7
  2170 | D:3      | Noticed Natasha
  2186 | D:3      | Killed Natasha
  2263 | D:3      | 2263 ||| DRINKING 2 bubbling sapphire potions.
  2264 | D:3      | 2264 ||| DRINKING 2 sapphire potions.
  2265 | D:3      | 2265 ||| DROPPING potion of brilliance.
  2356 | D:4      | Reached skill level 6 in Ranged Weapons
  2433 | D:4      | 2433 ||| Stepping ~*~*~tactically~*~*~ (outnumbered).
  2448 | D:4      | 2448 ||| Stepping ~*~*~tactically~*~*~ (outnumbered).
  2472 | D:4      | HP: 7/37 [gnoll bouda/+0 whip (7)]
  2473 | D:4      | Slain by a gnoll bouda

Levels and vault maps discovered:
D:1:      erik_arrival_blinker_ship, layout_basic, minmay_tetromino_s2
D:2:      layout_loops_cross
D:3:      minmay_chambers_of_threes, layout_rooms, old_standard_altar,
          uniq_natasha
D:4:      minmay_polygon_palace, layout_basic, uniq_sigmund, uniq_grinder

Skill      XL: |  1  2  3  4  5  6 |
---------------+-------------------+-----
Ranged Weapons | 3 4 5 6 |  6.0
Fighting       | 2 3 |  3.2
Armour         | 1 |  1.2
Dodging        | |  1.5
Spellcasting   | |  1.0
Hexes          | |  2.6

Action                     |  1- 3 |  4- 6 || total
---------------------------+-------+-------++-------
   Fire: Sling             |   117 |   263 ||   380
    Use: Scroll            |     4 |     2 ||     6
         Potion            |       |     2 ||     2
 Armour: Robe              |     8 |       ||     8
         Ring mail         |    28 |   128 ||   156
  Dodge: Dodged            |    42 |   122 ||   164

Table legend:
 A = Non-vault XP
 B = Vault XP
 C = Vault XP percentage of total XP
 D = Non-vault monster count
 E = Vault monster count
 F = Vault count percentage of total count
                 A         B        C        D         E       F
            +---------+---------+-------+---------+---------+-------
      Total |     317 |     205 |  39.3 |      72 |      19 |  20.9
            +---------+---------+-------+---------+---------+-------
        D:1 |      38 |       2 |   5.0 |      23 |       1 |   4.2
        D:2 |     146 |       0 |   0.0 |      27 |       0 |   0.0
        D:3 |     112 |      68 |  37.8 |      17 |      13 |  43.3
        D:4 |      21 |     135 |  86.5 |       5 |       5 |  50.0
            +---------+---------+-------+---------+---------+-------
